 Dungeon Crawl Stone Soup version 0.30.1-9-gdf580d7c3d (webtiles) character file.

Game seed: 9823005983463121043

363 boopmooplesden the Covered (level 6, 0/53 HPs)
             Began as a Minotaur Fighter on Sept 28, 2023.
             Was a Follower of Okawaru.
             Slain by a hornet zombie (9 damage)
             ... in an ossuary.
             The game lasted 00:04:01 (2160 turns).

boopmooplesden the Covered (Minotaur Fighter)       Turns: 2160, Time: 00:04:02

Health: 0/53       AC: 12    Str: 23    XL:     6   Next: 39%
Magic:  5/5        EV:  6    Int:  5    God:    Okawaru [*.....]
Gold:   229        SH:  4    Dex:  9    Spells: 5/5 levels left

rFire   . . .        a - +1 long sword
rCold   . . .        c - +0 buckler
rNeg    . . .        r - +0 plate armour
rPois   .            (helmet restricted)
rElec   .            (no cloak)
rCorr   .            (no gloves)
SInv    .            (no boots)
Will    .....        (no amulet) Stlth
                     (no ring)
HPRegen 0.28/turn    (no ring)
MPRegen 0.09/turn

%: no passive effects
@: mighty, slowed, unable to read, very slow
A: horns 2, retaliatory headbutt, wild magic 1, inability to read after injury 1
a: Renounce Religion, Heroism


You were in an ossuary.
You worshipped Okawaru.
Okawaru was aware of your devotion.
You visited 1 branch of the dungeon, and saw 4 of its levels.
You also visited: Ossuary.

You collected 229 gold pieces.

Inventory:

Hand Weapons
 a - a +1 long sword (weapon)
Armour
 b - a +0 scale mail
 c - a +0 buckler (worn)
 r - a +0 plate armour (worn)
Jewellery
 h - a +4 ring of protection
 k - a ring of flight
Scrolls
 m - a scroll of immolation {unknown}
 n - 2 scrolls of blinking
 o - 4 scrolls of identify {unknown}
 q - a scroll of magic mapping {unknown}
 s - a scroll of vulnerability {unknown}
 u - 2 scrolls of brand weapon {unknown}
Potions
 j - a potion of berserk rage {unknown}
 l - a potion of cancellation {unknown}
 p - a potion of haste {unknown}
 t - a potion of degeneration {unknown}


   Skills:
 + Level 4.5 Fighting
 + Level 5.1 Long Blades
 + Level 5.8 Armour
 + Level 0.6 Dodging
 + Level 5.0 Shields


You had 5 spell levels left.
You didn't know any spells.
Your spell library contained the following spells:

 Spells                   Type           Power      Damage    Failure   Level
 Stone Arrow              Conj/Erth      0%         3d7       100%        3
 Lehudib's Crystal Spear  Conj/Erth      0%         10d2      100%        8
 Animate Armour           Summ/Erth      Unusable   N/A       N/A         4

Dungeon Overview and Level Annotations

Branches:
Dungeon (4/15)            Ossuary (1/1)
 Temple: D:4-7

Altars:
Fedhas
Okawaru
Vehumet

Shops:
D:2 (


Innate Abilities, Weirdness & Mutations

You have a pair of horns on your head.
You reflexively headbutt those who attack you in melee.
Your spells are a little harder to cast, but a little more powerful.
You occasionally lose the ability to read scrolls when taking damage.


Message History

Okawaru accepts your kill.
You can now gain great but temporary skills.
Your Shields skill increases to level 5!
You slash the bullfrog zombie!
The bullfrog zombie is moderately damaged.
You block the bullfrog zombie's attack. The bullfrog zombie hits you.
* * * LOW HITPOINT WARNING * * *
The mummy closely misses you. You furiously retaliate!
You headbutt the mummy!!
You destroy the mummy!
Okawaru accepts your kill.
A mummy comes into view.
You fail to use your ability.
The bullfrog zombie hits you.
* * * LOW HITPOINT WARNING * * *
You block the bullfrog zombie's attack.
You slash the bullfrog zombie!
The bullfrog zombie is severely damaged.
The bullfrog zombie hits you.
* * * LOW HITPOINT WARNING * * *
The bullfrog zombie hits you but does no damage.
The bullfrog zombie hits you.
* * * LOW HITPOINT WARNING * * *
You slash the bullfrog zombie!
You destroy the bullfrog zombie!
Okawaru accepts your kill.
The hornet zombie hits you but does no damage.
You slash the hornet zombie!
The hornet zombie is heavily damaged.
The hornet zombie barely misses you. You furiously retaliate!
You headbutt the hornet zombie. You slice the mummy!!
You destroy the mummy!
Okawaru accepts your kill. The hornet zombie hits you.
* * * LOW HITPOINT WARNING * * *
The hornet zombie barely misses you.
You hit the hornet zombie.
The hornet zombie is severely damaged.
The hornet zombie hits you!
You feel threatened and lose the ability to read scrolls!
You die...

##### #∩..#
#.∩.# #..@#
##Z##
.M.~.~~M~M.~.#
'#~~~#'#'#.~#≈#
#.~ ≈. P# ~≈≈#
#~ ~## ≈# ##≈ #
## #≈ ≈ #≈


You could see a bog mummy and a hornet zombie.

Vanquished Creatures
  2 bullfrog zombies (Ossuary)
  An orc priest (D:3)
  6 mummies (Ossuary)
  2 orc wizards (D:3)
  2 adders (D:3)
  A white imp (D:3)
  2 dart slugs
  6 orcs (D:3)
  8 endoplasms
  2 giant cockroaches
  5 hobgoblins
  4 jackals (D:3)
  5 kobolds
  2 quokkas (D:1)
  6 ball pythons
  7 bats
  2 frilled lizards (D:1)
  5 goblins
  A jackal zombie (D:4)
  6 rats
  A spectral hobgoblin (D:2)
76 creatures vanquished.

Notes
Turn   | Place    | Note
-------+----------+-------------------------------------------
     0 | D:1      | boopmooplesden the Minotaur Fighter began the quest for the
                  | Orb.
     0 | D:1      | Reached XP level 1. HP: 19/19 MP: 0/0
   128 | D:1      | Reached XP level 2. HP: 24/27 MP: 1/1
   647 | D:1      | Reached XP level 3. HP: 33/33 MP: 2/2
   964 | D:2      | Found a faded altar of an unknown god.
   998 | D:2      | Found Daaffot's Weapon Shoppe.
  1295 | D:3      | Found an iron altar of Okawaru.
  1299 | D:3      | Became a worshipper of Warmaster Okawaru
  1395 | D:3      | Found a radiant altar of Vehumet.
  1410 | D:3      | Reached XP level 4. HP: 38/40 MP: 3/3
  1501 | D:3      | Found a blossoming altar of Fedhas.
  1713 | D:3      | Reached XP level 5. HP: 20/47 MP: 4/4
  2101 | D:4      | Found a sand-covered staircase.
  2120 | Ossuary  | Entered an ossuary
  2130 | Ossuary  | Reached skill level 5 in Armour
  2139 | Ossuary  | Reached * piety under Okawaru
  2140 | Ossuary  | Reached XP level 6. HP: 21/53 MP: 5/5
  2149 | Ossuary  | Reached skill level 5 in Long Blades
  2150 | Ossuary  | Gained mutation: You occasionally lose the ability to read
                  | scrolls when taking damage. [potion of mutation]
  2150 | Ossuary  | Gained mutation: Your spells are a little harder to cast,
                  | but a little more powerful. [potion of mutation]
  2154 | Ossuary  | Reached skill level 5 in Shields
  2160 | Ossuary  | Slain by a hornet zombie

Illustrated notes

Levels and vault maps discovered:
D:1:      ebering_trefoil_3fold, layout_loops_ring, minmay_gold_behind_fungi,
          serial_park_tiny_pond, wander_ebering_terrifying_dragon_lair
D:2:      layout_loops_ring, dreamdust_ecumenical_altar_drowned_temple,
          serial_shops, nicolae_shop_bloodbath_and_beyond
D:3:      layout_basic, mainiacjoe_overflow_cross_hatched, vehumet_crystals,
          overflow_temple_1_default
D:4:      layout_cave_pools, enter_ossuary_3, serial_bayou_pond_b
Ossuary:  ossuary_zaba_flooded

Skill      XL: |  1  2  3  4  5  6 |
---------------+-------------------+-----
Fighting       | 4 |  4.5
Armour         | 4 5 |  5.8
Long Blades    | 3 4 5 |  5.1
Shields        | 4 5 |  5.0
Dodging        | |  0.6

Action                     |  1- 3 |  4- 6 || total
---------------------------+-------+-------++-------
  Melee: Long sword        |   113 |   109 ||   222
         Headbutt          |    14 |    16 ||    30
 Invoke: Heroism           |       |     1 ||     1
    Use: Scroll            |     3 |     2 ||     5
         Potion            |       |     4 ||     4
 Armour: Scale mail        |    67 |       ||    67
         Plate armour      |       |   125 ||   125
  Dodge: Dodged            |    59 |    32 ||    91
  Block: Buckler           |    39 |    28 ||    67
